 Dungeon Crawl Stone Soup version 0.31-a0-675-g238779eb0a (webtiles) character file.

Game seed: 13219133361386323590

30 qw the Shooter (level 3, 0/21 HPs)
             Began as a Gargoyle Hunter on Sept 5, 2023.
             Slain by Robin
             ... wielding a +1 spear of freezing
              (3 damage)
             ... on level 2 of the Dungeon.
             The game lasted 00:00:19 (1042 turns).

qw the Shooter (Gargoyle Hunter)                    Turns: 1042, Time: 00:00:19

Health: 0/21       AC:  6    Str: 14    XL:     3   Next: 20%
Magic:  3/3        EV: 11    Int:  9    God:
Gold:   62         SH:  0    Dex: 15    Spells: 2/2 levels left

rFire   . . .        Y - +1 shortbow
rCold   . . .        (shield currently unavailable)
rNeg    + . .        c - +0 leather armour
rPois   inf          (no helmet)
rElec   +            (no cloak)
rCorr   .            (no gloves)
SInv    .            (no boots)
Will    .....        (no amulet)
Stlth   ++           (no ring)
HPRegen 0.23/turn    (no ring)
MPRegen 0.08/turn

%: no passive effects
@: no status effects
A: sickness immunity, AC +3, negative energy resistance 1, electricity
resistance, torment resistance 1, petrification resistance
a: no special abilities


You were on level 2 of the Dungeon.
You visited 1 branch of the dungeon, and saw 2 of its levels.

You collected 62 gold pieces.


Innate Abilities, Weirdness & Mutations

You are immune to sickness and miasma.
Your stone body is resilient. (AC +3)
You are immune to poison.
You resist negative energy. (rN+)
You are resistant to electric shocks. (rElec)
You are resistant to unholy torment.
You are immune to petrification.


   Skills:
 + Level 2.3 Fighting
 - Level 5.0 Ranged Weapons
 - Level 1.5 Dodging
 - Level 1.1 Stealth


You had 2 spell levels left.
You didn't know any spells.
Your spell library was empty.

Inventory:

Hand Weapons
 Y - a +1 shortbow (weapon)
Armour
 c - a +0 leather armour (worn)
Potions
 g - a potion of haste {unknown}
 j - a potion of curing {unknown}

Dungeon Overview and Level Annotations

Branches:
Dungeon (2/15)

Altars:

Shops:
D:1 :

Annotations:
D:2 Robin


Message History

You kill the goblin!
The hobgoblin hits you but does no damage.
You have reached level 3!
Your experience leads to an increase in your attributes!
Increase (S)trength, (I)ntelligence, or (D)exterity?
You feel agile. x2
You shoot an arrow. The arrow hits the hobgoblin!
You kill the hobgoblin!
The hobgoblin hits you but does no damage.
You shoot an arrow. The arrow hits the goblin!
You kill the goblin!
A goblin comes into view. It is wielding a +0 club.
The hobgoblin barely misses you.
Robin of the Strong Arm comes into view.
They are wielding a +1 spear of freezing.
The goblin hits you with a +0 club. The hobgoblin barely misses you.
You shoot an arrow. The arrow hits the goblin!
You kill the goblin!
The hobgoblin barely misses you.
Your Ranged Weapons skill increases to level 5!
You shoot an arrow. The arrow hits the hobgoblin.
You kill the hobgoblin!
You hear a shout!
Robin roars a battlecry!
You shoot an arrow. The arrow barely misses the goblin.
Robin hits you but does no damage.
You shoot an arrow. The arrow hits the goblin!
You kill the goblin!
A goblin comes into view. It is wielding a +0 dagger.
Robin throws the goblin at you!
You shoot an arrow. The arrow hits the goblin.
The goblin is severely wounded.
The goblin barely misses you.
Robin roars a battlecry!
You shoot an arrow. The arrow barely misses the goblin.
The goblin hits you but does no damage.
Robin hits you from afar with a +1 spear of freezing.
Robin freezes you.
Robin hits you from afar with a +1 spear of freezing.
You die...
Robin lets out a smug laugh.

..# #.# #%#
#g ######<#
gg #....).##
#.
#.####..##gg
##..#g###
##.#...
#@#.# #g)g#
##..# ##..#
.## .# .# ..
..


You could see Robin and a goblin (strong).

Vanquished Creatures
  5 ball pythons
  An endoplasm (D:1)
  A giant cockroach (D:1)
  7 goblins
  3 hobgoblins (D:2)
  3 kobolds
  A quokka (D:1)
  3 bats (D:1)
  A frilled lizard (D:1)
  A rat (D:2)
26 creatures vanquished.

Notes
Turn   | Place    | Note
-------+----------+-------------------------------------------
     0 | D:1      | qw the Gargoyle Hunter began the quest for the Orb.
     0 | D:1      | Reached XP level 1. HP: 12/12 MP: 1/1
     0 | D:1      | 0 ||| qw: Version: 0.3-a-75-g829b12e
     0 | D:1      | 0 ||| qw: Game counter: 159
     0 | D:1      | 0 ||| qw: Melee chars always use a shield: true
     0 | D:1      | 0 ||| qw: God list: Okawaru
     0 | D:1      | 0 ||| qw: Allow faded altars: false
     0 | D:1      | 0 ||| qw: Do Orc after clearing Dungeon:15 true
     0 | D:1      | 0 ||| qw: Do second Lair branch before Depths: true
     0 | D:1      | 0 ||| qw: Lair rune preference: random
     0 | D:1      | 0 ||| qw: Goals: Normal
     0 | D:1      | 0 ||| PLANNING D:1-11
    44 | D:1      | Found Memo's Book Emporium.
   241 | D:1      | Reached XP level 2. HP: 17/17 MP: 2/2
   494 | D:1      | Found a faded altar of an unknown god.
   973 | D:1      | 973 ||| READING scroll labelled KUUDYGRIWAMP.
   974 | D:1      | 974 ||| READING scroll labelled FUCOTURPHOI.
   975 | D:1      | 975 ||| READING scroll labelled UROAZARRIF.
   976 | D:1      | 976 ||| READING scroll labelled MEMOWNAIWE.
   977 | D:1      | 977 ||| READING scroll labelled NUIPTE PU DEMA.
   978 | D:1      | 978 ||| DRINKING 2 brown potions.
   979 | D:1      | 979 ||| DROPPING scroll of butterflies.
   980 | D:1      | 980 ||| DROPPING potion of attraction.
  1016 | D:2      | 1016 ||| RETREATING.
  1020 | D:2      | 1020 ||| Stepping ~*~*~tactically~*~*~ (retreating).
  1035 | D:2      | Reached XP level 3. HP: 12/21 MP: 3/3
  1036 | D:2      | Noticed Robin
  1038 | D:2      | Reached skill level 5 in Ranged Weapons
  1042 | D:2      | HP: 5/21 [Robin/+1 spear of freezing (3)]
  1042 | D:2      | Slain by Robin

Levels and vault maps discovered:
D:1:      minmay_arrival_arboretum_large, layout_loops_corners, serial_shops,
          nicolae_shop_rolling_square, basic_ecumenical_altar,
          minmay_pentomino_u2
D:2:      layout_loops_ring, basic_altar, serial_bayou_ford_a, minivault_4,
          minmay_indecisive_spiral, uniq_robin, uniq_natasha

Skill      XL: |  1  2  3 |
---------------+----------+-----
Ranged Weapons | 5 |  5.0
Fighting       | |  2.3
Dodging        | |  1.5
Stealth        | |  1.1

Action                     || total
---------------------------++-------
   Fire: Shortbow          ||    76
    Use: Scroll            ||     5
         Potion            ||     1
 Armour: Leather armour    ||    39
  Dodge: Dodged            ||    32

Table legend:
 A = Non-vault XP
 B = Vault XP
 C = Vault XP percentage of total XP
 D = Non-vault monster count
 E = Vault monster count
 F = Vault count percentage of total count
                 A         B        C        D         E       F
            +---------+---------+-------+---------+---------+-------
      Total |      22 |      22 |  50.0 |      13 |      13 |  50.0
            +---------+---------+-------+---------+---------+-------
        D:1 |      19 |       3 |  13.6 |      11 |       2 |  15.4
        D:2 |       3 |      19 |  86.4 |       2 |      11 |  84.6
            +---------+---------+-------+---------+---------+-------
